 Dungeon Crawl Stone Soup version 0.17-a0-1046-ga09e34d (webtiles) character file.

359 namelastname112 the Bolt Thrower (level 6, -2/53 HPs)
             Began as a Draconian Hunter on May 15, 2015.
             Slain by Duvessa
             ... wielding a +3 rapier of distortion
              (6 damage)
             ... on level 4 of the Dungeon.
             The game lasted 00:07:29 (3877 turns).

namelastname112 the Bolt Thrower (Draconian Hunter) Turns: 3877, Time: 00:07:30

Health: -2/53      AC: 10    Str: 15    XL:     6   Next: 37%
Magic:  6/6        EV: 19    Int: 11    God:
Gold:   174        SH:  0    Dex: 18    Spells: 0 memorised, 5 levels left

rFire  . . .     SeeInvis .     a - +0 short sword (venom)
rCold  . . .     Clarity  .     (armour unavailable)
rNeg   . . .     SustAb   .     (no shield)
rPois  .         Gourm    .     (helmet restricted)
rElec  .         Spirit   .     (no cloak)
rCorr  .         Warding  .     o - +2 pair of gloves
rMut   .         Stasis   .     i - +0 pair of boots
MR     .....                    p - amulet of faith
Stlth  +++.......               (no ring)
                                (no ring)

@: agile, not resistant to hostile enchantments, fairly stealthy
A: unfitting armour, cold-blooded, AC +6
a: no special abilities


You were on level 4 of the Dungeon.
You were not hungry.

You visited 1 branch of the dungeon, and saw 4 of its levels.

You collected 174 gold pieces.

Inventory:

Hand weapons
 a - a +0 short sword of venom (weapon)
 b - a +2 hand crossbow
 v - a +0 war axe
Missiles
 c - 9 bolts
Armour
 i - a +0 pair of boots (worn)
 o - a +2 pair of gloves (worn)
Jewellery
 p - an amulet of faith (around neck)
Scrolls
 k - 2 scrolls of immolation
 n - 2 scrolls of identify
 s - a scroll of magic mapping
Potions
 g - 3 potions of curing
 t - 2 potions of ambrosia
Comestibles
 d - 5 bread rations
 l - a royal jelly


   Skills:
 + Level 4.3 Fighting
 + Level 1.0 Axes
 * Level 5.5 Crossbows
 + Level 3.1 Dodging
 - Level 0.8 Stealth


You had 5 spell levels left.
You didn't know any spells.

Dungeon Overview and Level Annotations

Branches:
Dungeon (4/15)
 Temple: D:4-7

Altars:
Yredelemnul

Annotations:
D:4 Duvessa


Innate Abilities, Weirdness & Mutations

Your plain brown scales are hard (AC +6).
Your body does not fit into most forms of armour.
You are cold-blooded and may be slowed by cold attacks.


Message History

Okay, then.
Drink which item? (? for menu, Esc to quit)
Okay, then.
You hit Duvessa but do no damage.
Duvessa is poisoned.
Duvessa hits you with a rapier of distortion!
Space bends around you.
Drink which item? (? for menu, Esc to quit)
You feel agile all of a sudden.
Duvessa hits you with a rapier of distortion!
Space bends around you. Duvessa completely misses you.
You hit Duvessa.
Duvessa looks even sicker.
Duvessa is lightly wounded.
Duvessa misses you.
You hit Duvessa but do no damage.
Duvessa is lightly wounded.
Duvessa barely misses you.
Duvessa hits you with a rapier of distortion!!
* * * LOW HITPOINT WARNING * * *
Space bends around you.
You die...

####### #.....##
#..†.# #.#..# #..
###.#..# ###..$
####...#..###.$..#
#......#..##....#
#....)@#.......#
#......e..##..#
#......#.###.##
######.#.....)#
#######..#.####..#
#....)..(#.# #..#
#........#.# #..#
#..........# #...
#.........## ##..


You could see Duvessa (berserk).

Vanquished Creatures
  Dowan (D:4)
  A hound (D:3)
  An orc priest (D:3)
  An orc wizard (D:3)
  A worker ant (D:4)
  4 gnolls
  6 adders
  3 oozes
  2 worms
  3 giant geckos
  4 orcs (D:3)
  A bat zombie (D:3)
  7 goblins
  12 hobgoblins
  13 jackals
  6 kobolds
  2 quokkas (D:3)
  8 bats
  A giant cockroach (D:2)
  6 giant newts
  7 rats
90 creatures vanquished.

Vanquished Creatures (others)
  A kobold (D:2)
1 creature vanquished.

Grand Total: 91 creatures vanquished

Notes
Turn   | Place    | Note
--------------------------------------------------------------
     0 | D:1      | namelastname112 the Draconian Hunter began the quest for the Orb.
     0 | D:1      | Reached XP level 1. HP: 17/17 MP: 1/1
    88 | D:1      | Reached XP level 2. HP: 7/24 MP: 2/2
   341 | D:1      | Reached skill level 4 in Crossbows
   626 | D:1      | Reached XP level 3. HP: 19/30 MP: 3/3
  1237 | D:2      | Reached XP level 4. HP: 37/37 MP: 4/4
  1285 | D:2      | Found a basalt altar of Yredelemnul.
  2140 | D:3      | Reached XP level 5. HP: 42/45 MP: 5/5
  2518 | D:3      | Reached skill level 5 in Crossbows
  3163 | D:4      | Noticed Dowan
  3173 | D:4      | Reached XP level 6. HP: 38/52 MP: 6/6
  3182 | D:4      | Killed Dowan
  3835 | D:4      | Reached skill level 1 in Axes
  3862 | D:4      | Noticed Duvessa
  3877 | D:4      | Slain by Duvessa

Vault maps used:
D:1:      minmay_arrival_semitransparent, st_stairs_8, minivault_24
D:2:      yredelemnul_altar_generic, first_bread, lemuel_old_faithful
D:3:      minmay_misc_feat_x
D:4:      overflow_temple_1_default, nemelex_diamond_rough_becter, uniq_pikel,
          uniq_duvessa, uniq_blork_the_orc

Action                   |  1- 3 |  4- 6 || total
-------------------------+-------+-------++-------
Melee: Short sword       |   146 |   190 ||   336
       War axe           |       |     5 ||     5
 Fire: Hand crossbow     |    12 |    28 ||    40
  Use: Scroll            |       |     9 ||     9
       Potion            |       |     2 ||     2
 Stab: Sleeping          |       |     2 ||     2
  Eat: Chunk             |     1 |     5 ||     6
       Meat ration       |       |     1 ||     1
